AoeStats
← Dr. Prince

Black Forest

510233144Analyzed
3v3 RM · 1d ago on Sep 30, 2026· 60m 20s· 6 players
Game mode
Random Map
Map size
Normal (6 player)
Population
200
Speed
Normal
Resources
Standard
Victory
Conquest
Starting age
Dark Age
Ending age
Imperial Age
RankedLock teamsTeams togetherTeam positionsShared explorationLock speedFull tech treeHidden civsTurbo modeCheats
Victory
Defeat
🇦🇷 Britons · Argentina
1061
+18
🇦🇷 Turks · Argentina
1042
+19
🇦🇷 Romans · Argentina
1001
+20
🇺🇸 Khitans · United States
1130
-20
🇺🇸 Danes · United States
1128
-20
🇺🇸 Armenians · United States
1042
-17
salepaixa II
10:23 Feudal Age
11:18 Double-Bit Axe
12:43 Loom
18:15 Castle Age
16:13 Horse Collar
18:54 Wheelbarrow
19:18 Town Watch
22:39 Stone Mining
23:13 Heavy Plow
24:50 Bow Saw
24:59 Hand Cart
25:35 Gold Mining
26:34 Padded Archer Armor
26:44 Scale Barding Armor
26:51 Forging
27:51 Forging
27:56 Leather Archer Armor
30:33 Imperial Age
30:23 Forging
30:37 Chain Barding Armor
32:04 Leather Archer Armor
32:03 Bloodlines
31:54 Husbandry
32:02 Husbandry
35:45 Plate Barding Armor
35:47 Iron Casting
35:45 Ring Archer Armor
36:33 Two-Man Saw
36:38 Conscription
36:39 Fletching
38:16 Artillery
41:16 Blast Furnace
Arrebatador De Fisuras♛
0:30 Loom
10:48 Feudal Age
17:44 Castle Age
15:55 Double-Bit Axe
16:00 Horse Collar
20:17 Stone Mining
24:46 Heavy Plow
33:16 Imperial Age
31:57 Wheelbarrow
31:34 Scale Mail Armor
31:50 Forging
32:31 Chain Mail Armor
33:01 Hand Cart
34:18 Iron Casting
33:26 Man-at-Arms
34:30 Long Swordsman
36:07 Comitatenses
36:33 Crop Rotation
36:05 Gold Mining
36:25 Legionary
40:45 Chemistry
41:24 Ballistas
41:46 Heavy Scorpion
43:18 Ballistas
44:50 Padded Archer Armor
44:40 Fletching
45:09 Capped Ram
46:52 Leather Archer Armor
46:32 Bodkin Arrow
47:00 Ballistics
50:15 Ring Archer Armor
50:46 Blast Furnace
50:16 Siege Ram
is+
1:47 Loom
10:46 Feudal Age
11:11 Double-Bit Axe
12:11 Wheelbarrow
12:00 Horse Collar
18:48 Castle Age
20:37 Bow Saw
20:29 Heavy Plow
21:16 Stone Mining
23:31 Gold Mining
25:01 Town Watch
28:42 Hand Cart
30:25 Fletching
30:35 Padded Archer Armor
35:00 Imperial Age
33:45 Bodkin Arrow
36:25 Yeomen
36:18 Elite Longbowman
37:36 Ballistics
38:17 Chemistry
36:46 Heavy Scorpion
38:21 Bracer
41:24 Leather Archer Armor
43:11 Capped Ram
58:57 Ring Archer Armor
Grog Father
3:06 Loom
3:54 Loom
10:04 Feudal Age
10:33 Double-Bit Axe
12:58 Man-at-Arms
13:41 Arson
14:28 Horse Collar
15:15 Gold Mining
20:40 Castle Age
19:32 Stone Mining
20:32 Wheelbarrow
21:21 Heavy Plow
21:32 Bow Saw
22:47 Gold Shaft Mining
22:49 Stone Shaft Mining
24:42 Hand Cart
30:41 Imperial Age
31:03 Forging
30:53 Scale Mail Armor
30:44 Onager
31:46 Scale Mail Armor
34:55 Chemistry
34:02 Siege Engineers
35:04 Iron Casting
38:58 Northmen's Fury
42:15 Blast Furnace
41:30 Chain Mail Armor
46:30 Siege Onager
Gun
1:39 Loom
11:02 Feudal Age
13:01 Arson
12:46 Man-at-Arms
14:01 Long Swordsman
14:43 Horse Collar
16:17 Double-Bit Axe
22:59 Castle Age
22:14 Forging
22:04 Scale Mail Armor
22:22 Gold Mining
22:57 Stone Mining
25:14 Gambesons
25:30 Squires
24:50 Two-Handed Swordsman
27:10 Bow Saw
27:52 Wheelbarrow
28:27 Heavy Plow
30:03 Hand Cart
34:05 Imperial Age
32:33 Caravan
32:07 Champion
34:32 Padded Archer Armor
34:23 Fletching
34:50 Chain Mail Armor
35:11 Iron Casting
35:24 Fereters
40:55 Blast Furnace
40:26 Plate Mail Armor
39:43 Pikeman
40:59 Elite Composite Bowman
47:40 Padded Archer Armor
47:31 Fletching
49:00 Gold Shaft Mining
48:10 Halberdier
48:33 Onager
51:50 Leather Archer Armor
51:32 Bodkin Arrow
Dr. Prince
7:21 Loom
10:37 Feudal Age
11:03 Double-Bit Axe
11:22 Man-at-Arms
12:36 Man-at-Arms
14:39 Forging
15:10 Arson
22:39 Castle Age
20:54 Fletching
20:48 Domestication
21:04 Fletching
22:47 Stone Mining
23:20 Scale Mail Armor
22:45 Long Swordsman
23:04 Elite Skirmisher
23:42 Bodkin Arrow
24:25 Iron Casting
27:14 Bow Saw
28:03 Wheelbarrow
27:31 Gold Mining
28:29 Pastoralism
34:47 Imperial Age
32:16 Town Watch
32:41 Bodkin Arrow
33:33 Hand Cart
33:45 Ballistics
33:52 Chain Mail Armor
34:24 Padded Archer Armor
34:33 Lamellar Armor
34:30 Squires
35:00 Masonry
34:46 Murder Holes
35:37 Fortified Wall
35:08 Treadmill Crane
37:10 Two-Man Saw
37:18 Chemistry
36:54 Elite Liao Dao
37:57 Conscription
37:08 Pikeman
38:20 Leather Archer Armor
38:38 Plate Mail Armor
38:46 Siege Engineers
38:56 Caravan
38:28 Light Cavalry
39:41 Bracer
42:04 Leather Archer Armor
41:54 Scale Barding Armor
41:22 Hussar
42:03 Husbandry
42:22 Thumb Ring
43:21 Ordo Cavalry
43:59 Ring Archer Armor
44:23 Chain Barding Armor
46:28 Plate Barding Armor
45:55 Heavy Rocket Cart
Connection lost

Rejoining the realm…

Still unreachable

The connection could not be restored.

Session expired

The server has moved on; the page needs a fresh start.